 Dungeon Sprint DCSS version 0.31-a0-1522-g43313d8a59 (webtiles) character file.

Game seed: 17443253562051953009

2584 TheScarfBastard the Fighter (level 9, -1/96 HPs)
             Began as a Minotaur Berserker on Dec 31, 2023.
             Was a High Priest of Trog.
             Slain by a centaur warrior (8 damage)
             ... in the Dungeon (Sprint IX: "|||||||||||||||||||||||||||||").
             The game lasted 00:02:17 (454 turns).

TheScarfBastard the Fighter (Minotaur Berserker)     Turns: 454, Time: 00:02:19

Health: -1/96      AC: 12    Str: 27    XL:     9   Next: 32%
Magic:  8/8        EV: 15    Int:  4    God:    Trog [*****.]
Gold:   0          SH:  0    Dex: 12    Spells: 8/8 levels left

rFire   . . .        p - +3 war axe (freeze)
rCold   . . .        (no shield)
rNeg    . . .        l - +2 ring mail
rPois   .            (helmet restricted)
rElec   .            o - +0 cloak
rCorr   .            (no gloves)
SInv    .            (no boots)
Will    .....        (no amulet)
Stlth   +            m - +2 ring of protection
HPRegen 0.36/turn    n - +3 ring of strength
MPRegen 0.11/turn

%: no teleportation
@: on berserk cooldown, hasted and slowed
A: horns 2, retaliatory headbutt
a: Renounce Religion, Berserk, Trog's Hand, Brothers in Arms


You were in the Dungeon.
You worshipped Trog.
Trog was extremely pleased with you.
You visited 1 branch

Inventory:

Hand Weapons
 a - a +0 falchion
 k - a +2 scimitar of flaming
 p - a +3 war axe of freezing (weapon)
Armour
 b - a +0 animal skin
 l - a +2 ring mail (worn)
 o - a +0 cloak (worn)
 q - a +0 cloak
Jewellery
 m - a +2 ring of protection (left hand)
 n - a +3 ring of strength (right hand)
Wands
 j - a wand of acid (10)
Scrolls
 h - 2 scrolls of blinking
Potions
 c - 4 potions of curing
 f - 4 potions of magic
 g - a potion of berserk rage
 i - a potion of invisibility


   Skills:
 + Level 14.5 Fighting
 + Level 13.9 Long Blades
 + Level 9.5 Axes
 + Level 8.2 Armour
 + Level 10.4 Dodging
 + Level 2.3 Stealth


You had 8 spell levels left.
You didn't know any spells.
Your spell library was empty.

Dungeon Overview and Level Annotations

Branches:
Dungeon (1/1)

Altars:
Cheibriados
Dithmenos
Elyvilon
Fedhas
Gozag
Hepliaklqana
Kikubaaqudgha
Makhleb
Nemelex Xobeh
Okawaru
Qazlal
Ru
Sif Muna
Trog
Uskayaw
Vehumet
Wu Jian
Xom
Yredelemnul
Zin
The Shining One
Jiyva
Lugonu


Innate Abilities, Weirdness & Mutations

You have a pair of horns on your head.
You reflexively headbutt those who attack you in melee.


Message History

The centaur warrior kicks you but does no damage.
The centaur warrior hits you. The centaur warrior misses you.
You hit the centaur warrior. You freeze the centaur warrior.
The centaur warrior is heavily wounded.
The centaur warrior hits you. The centaur warrior misses you.
The centaur warrior hits you but does no damage.
The centaur warrior barely misses you.
You barely miss the centaur warrior.
Your headbutt misses the centaur warrior.
The centaur warrior is heavily wounded.
The centaur warrior hits you!
The centaur warrior kicks you but does no damage.
The centaur warrior hits you!
* * * LOW HITPOINT WARNING * * *
The centaur warrior kicks you.
* * * LOW HITPOINT WARNING * * *
You feel much better.
The centaur warrior hits you but does no damage.
The centaur warrior kicks you. The centaur warrior hits you.
The centaur warrior kicks you but does no damage.
The centaur warrior hits you!
* * * LOW HITPOINT WARNING * * *
The centaur warrior closely misses you.
You feel yourself speed up. The centaur warrior hits you!
* * * LOW HITPOINT WARNING * * *
The centaur warrior kicks you but does no damage.
The centaur warrior hits you.
* * * LOW HITPOINT WARNING * * *
The centaur warrior kicks you.
* * * LOW HITPOINT WARNING * * *
You feel better. The centaur warrior barely misses you.
The centaur warrior kicks you.
* * * LOW HITPOINT WARNING * * *
You slice the centaur warrior!! You freeze the centaur warrior.
You headbutt the centaur warrior.
The centaur warrior is almost dead.
The centaur warrior hits you!
* * * LOW HITPOINT WARNING * * *
The centaur warrior barely misses you. The centaur warrior hits you!
You die...

▓+▓
▓.▓
▓.▓
▓.▓
▓.▓
▓{▓
▓c▓
▓@▓
▓.▓
▓.▓
▓.▓
▓.▓
▓.▓
▓.▓
▓)▓
▓.▓


You could see a centaur warrior.

Vanquished Creatures
  A centaur warrior (D)
  A two-headed ogre (D)
  An ugly thing (D)
  A troll (shapeshifter) (D)
  A troll (D)
  A vampire (D)
  A wraith (D)
  A vampire mosquito (D)
  A killer bee (D)
  A howler monkey (D)
  A bombardier beetle (D)
  A hound (D)
  An ufetubus (D)
  A ribbon worm (D)
  An orc (D)
  A bat (D)
  A goblin (D)
  A quokka (D)
  A frilled lizard (D)
  A rat (D)
20 creatures vanquished.

Notes
Turn   | Place    | Note
-------+----------+-------------------------------------------
     0 | D        | TheScarfBastard the Minotaur Berserker began the quest for
                  | the Orb.
     0 | D        | Reached XP level 1. HP: 19/19 MP: 0/0
     5 | D        | Reached skill level 4 in Fighting
    10 | D        | Reached ** piety under Trog
    21 | D        | Noticed a bombardier beetle
    21 | D        | Noticed a hound
    29 | D        | Killed a hound
    30 | D        | Reached skill level 5 in Fighting
    30 | D        | Reached XP level 2. HP: 27/30 MP: 1/1
    30 | D        | Reached XP level 3. HP: 33/37 MP: 2/2
    30 | D        | Reached *** piety under Trog
    31 | D        | Reached skill level 6 in Fighting
    38 | D        | Reached XP level 4. HP: 24/45 MP: 3/3
    45 | D        | Reached skill level 7 in Fighting
   184 | D        | Found a snail-covered altar of Cheibriados.
   184 | D        | Found a shadowy altar of Dithmenos.
   184 | D        | Found a white marble altar of Elyvilon.
   184 | D        | Found a blossoming altar of Fedhas.
   184 | D        | Found an opulent altar of Gozag.
   185 | D        | Found a hazy altar of Hepliaklqana.
   186 | D        | Found a viscous altar of Jiyva.
   187 | D        | Found an ancient bone altar of Kikubaaqudgha.
   188 | D        | Found a corrupted altar of Lugonu.
   189 | D        | Found a burning altar of Makhleb.
   190 | D        | Found a sparkling altar of Nemelex Xobeh.
   191 | D        | Found an iron altar of Okawaru.
   192 | D        | Found a stormy altar of Qazlal.
   193 | D        | Found a sacrificial altar of Ru.
   194 | D        | Found a shimmering blue altar of Sif Muna.
   195 | D        | Found a bloodstained altar of Trog.
   196 | D        | Found a hide-covered altar of Uskayaw.
   197 | D        | Found a radiant altar of Vehumet.
   198 | D        | Found an ornate altar of the Wu Jian Council.
   199 | D        | Found a shimmering altar of Xom.
   200 | D        | Found a basalt altar of Yredelemnul.
   201 | D        | Found a glowing silver altar of Zin.
   202 | D        | Found a glowing golden altar of the Shining One.
   261 | D        | Noticed a troll
   261 | D        | Noticed a two-headed ogre
   261 | D        | Noticed a vampire
   261 | D        | Noticed a vampire mosquito
   264 | D        | Killed a vampire mosquito
   265 | D        | Reached skill level 9 in Fighting
   265 | D        | Reached skill level 1 in Axes
   265 | D        | Reached skill level 5 in Dodging
   265 | D        | Reached skill level 1 in Stealth
   265 | D        | Reached XP level 5. HP: 57/57 MP: 4/4
   268 | D        | Reached **** piety under Trog
   272 | D        | Killed a vampire
   273 | D        | Reached skill level 10 in Fighting
   273 | D        | Reached skill level 10 in Long Blades
   273 | D        | Reached skill level 5 in Armour
   273 | D        | Reached XP level 6. HP: 60/67 MP: 5/5
   275 | D        | Killed a two-headed ogre
   276 | D        | Reached skill level 12 in Fighting
   276 | D        | Reached skill level 5 in Axes
   276 | D        | Reached XP level 7. HP: 37/78 MP: 6/6
   276 | D        | Reached ***** piety under Trog
   277 | D        | Reached XP level 8. HP: 42/85 MP: 7/7
   280 | D        | Killed a troll
   281 | D        | Reached skill level 13 in Fighting
   418 | D        | Noticed a red ugly thing
   418 | D        | Noticed a centaur warrior
   418 | D        | Noticed a centaur warrior
   429 | D        | Killed a red ugly thing
   431 | D        | a yak changed into a troll
   431 | D        | Noticed a troll (shapeshifter)
   436 | D        | Killed a centaur warrior
   437 | D        | Reached skill level 14 in Fighting
   437 | D        | Reached skill level 10 in Dodging
   437 | D        | Reached XP level 9. HP: 96/96 MP: 8/8
   442 | D        | Killed a troll
   454 | D        | Slain by a centaur warrior

Illustrated notes

Levels and vault maps discovered:
D:        linesprint [early_d, line_temple, items_1, d_10, items_2, lair_1,
          lair_end, items_3, orc_1, orc_end, items_4, d_15, swamp_1, shoals_1,
          snake_1, spider_1, d_20, vaults_1, items_5, swamp_end, shoals_end,
          snake_end, spider_end, vaults_end, d_27, items_6, zot_1, zot_end,
          crypt_end, forest_end, elf_end, slime_end, tomb_end, abyss_end,
          pan_hell_end]

Skill      XL: |  1  2  3  4  5  6  7  8 |
---------------+-------------------------+-----
Fighting       | 5 6 9 10 12 14 | 14.5
Long Blades    | 6 7 9 10 12 13 | 13.9
Armour         | 3 4 5 6 8 |  8.2
Dodging        | 3 4 5 6 8 10 | 10.4
Axes           | 1 2 5 9 |  9.5
Stealth        | 1 2 |  2.3

Action                     |  1- 3 |  4- 6 |  7- 9 || total
---------------------------+-------+-------+-------++-------
  Melee: Falchion          |    23 |     5 |       ||    28
         Headbutt          |     1 |     2 |     5 ||     8
         War axe           |       |    12 |    29 ||    41
 Invoke: Berserk           |     1 |     1 |     1 ||     3
         Trog's Hand       |       |     1 |     1 ||     2
    Use: Potion            |       |       |     5 ||     5
 Armour: Animal skin       |     8 |     2 |       ||    10
         Ring mail         |       |    13 |    53 ||    66
  Dodge: Dodged            |    16 |    12 |    35 ||    63

Table legend: (Time is in decaauts)
 A = Elapsed time spent in this place.
 B = Non-inter-level travel time spent in this place.
 C = Inter-level travel time spent in this place.
 D = Time resting spent in this place.
 E = Time spent auto-exploring this place.
 F = Levels seen in this place.
 G = Mean time per level.
                   A        B        C        D        E       F      G
               +--------+--------+--------+--------+--------+-----+--------+
         Total |    479 |    479 |      0 |      0 |    272 |   1 |  479.0 |
       Dungeon |    479 |    479 |      0 |      0 |    272 |   1 |  479.0 |
               +--------+--------+--------+--------+--------+-----+--------+

Top non-repeatable levels by time:
       D: 479 daAuts
